 Dungeon Crawl Stone Soup version 0.27-a0-249-g74f53ef629 (webtiles) character file.

Game seed: 677969871873892039

7149 gimp the Basher (level 10, -11/81 HPs)
             Began as a Grey Draconian Fighter on Feb 4, 2021.
             Was an Initiate of Gozag.
             Mangled by a sphinx (16 damage)
             ... on level 10 of the Dungeon.
             The game lasted 00:26:48 (12053 turns).

gimp the Basher (Grey Draconian Fighter)           Turns: 12053, Time: 00:26:49

Health: -11/81     AC: 14    Str: 18    XL:     10   Next: 86%
Magic:  10/10      EV: 12    Int: 11    God:    Gozag
Gold:   52         SH: 11    Dex: 12    Spells: 8/9 levels left

rFire    + + .     SeeInvis .   l - +2 flail (protect)
rCold    + . .     Faith    .   b - +0 kite shield
rNeg     . . .     Spirit   .   (armour unavailable)
rPois    +         Reflect  .   (helmet restricted)
rElec    +         Harm     .   d - +1 cloak
rCorr    +         Rampage  .   (no gloves)
Will     .....                  (no boots)
Stlth    +.........             (no amulet)
HPRegen  0.23/turn              z - ring of protection from fire
MPRegen  0.12/turn              e - ring of wizardry

@: mighty, resistant, berserk cooldown, very slightly contaminated, hasted and
slowed, invisible
A: walk through water, unfitting armour, unbreathing, cold-blooded, AC +12
a: Renounce Religion, Potion Petition, Call Merchant, Bribe Branch


You were on level 10 of the Dungeon.
You worshipped Gozag.
Gozag was noncommittal.
You visited 2 branches of the dungeon, and saw 11 of its levels.

You collected 1669 gold pieces.
You paid 1617 gold pieces to Gozag.

Inventory:

Hand Weapons
 a - a +0 flail
 l - a +2 flail of protection (weapon)
Missiles
 i - 36 poisoned darts (quivered)
 o - a throwing net
Armour
 b - a +0 kite shield (worn)
 d - a +1 cloak (worn)
Jewellery
 e - a ring of wizardry (right hand)
 j - an uncursed ring of flight
 z - a ring of protection from fire (left hand)
Wands
 x - a wand of flame (18)
Scrolls
 c - a scroll of acquirement {unknown}
 r - 2 scrolls of amnesia
 u - 2 scrolls of magic mapping
 y - a scroll of remove curse
 A - a scroll of enchant weapon {unknown}
Potions
 g - 5 potions of curing
 k - a potion of magic
 m - 4 potions of brilliance {unknown}
 n - a potion of flight
 q - 2 potions of heal wounds {unknown}
 s - a potion of invisibility {unknown}
 t - 2 potions of resistance
 v - 3 potions of mutation {unknown}
 w - a potion of ambrosia {unknown}


   Skills:
 - Level 5.0 Fighting
 * Level 13.1 Maces & Flails
 - Level 2.6 Dodging
 + Level 9.9 Shields


You had 8 spell levels left.
You knew the following spells:

 Your Spells              Type           Power        Failure   Level
a - Apportation           Tloc           0%           26%         1

Your spell library contained the following spells:

 Spells                   Type           Power        Failure   Level
 Animate Skeleton         Necr           0%           26%         1
 Corona                   Hex            0%           26%         1
 Magic Dart               Conj           0%           26%         1
 Summon Small Mammal      Summ           0%           26%         1
 Searing Ray              Conj           0%           38%         2
 Dazzling Flash           Conj/Hex       0%           58%         3
 Fulminant Prism          Conj/Hex       0%           92%         4
 Iskenderun's Mystic Bla  Conj/Tloc      0%           92%         4


Dungeon Overview and Level Annotations

Branches:
Dungeon (10/15)            Temple (1/1) D:4
   Lair: D:8-11         Orc: D:9-12

Altars:
Ashenzari
Cheibriados
Dithmenos
Elyvilon
Fedhas
Gozag
Hepliaklqana
Kikubaaqudgha
Makhleb
Nemelex Xobeh
Okawaru
Qazlal
Ru
Sif Muna
Trog
Uskayaw
Vehumet
Wu Jian
Xom
Yredelemnul
Zin
The Shining One

Shops:
D:9 (

Annotations:
D:2 Sigmund
D:3 1 runed translucent door, sahdkjhfkaj's ghost, amateur PaAK
D:5 2 runed translucent doors, Sekkong's ghost, novice MiBe
D:8 1 runed translucent door, canine's ghost, novice DrCj
D:9 exclusion: ice statue, Erolcha


Innate Abilities, Weirdness & Mutations

You can walk through water.
Your dull iron-grey scales are very hard. (AC +12)
You cannot fit into any form of body armour.
You can survive without breathing.
You are cold-blooded and may be slowed by cold attacks.


Message History

You now have 7/81 hp.
You closely miss the frost giant.
The frost giant is almost dead.
The frost giant looks more healthy.
The sphinx completely misses you. The sphinx hits you.
* * * LOW HITPOINT WARNING * * *
The sphinx hits you.
* * * LOW HITPOINT WARNING * * *
You take 3 damage, and have 4/81 hp.
The sphinx casts a spell.
You feel as though you will be slow longer.
The sphinx casts a spell.
You feel as though you will be slow longer.
The frost giant gestures at you while chanting.
The bolt of cold misses you.
Unknown command.
You feel less confused. The sphinx hits you!
You die...
Your body crumbles into a pile of gold.

#######.# $$$$## ..(.....#
# ## ######..# ..#
........# ..### ........#
.... #####[..# #..# #
#...'########'..# #
#..............# #
#..###.####H@#.# #
#..#.......C...# #
#..#.#.################
########.#'#####........).#
.zz.z.<#..............###.#
########..............# #.#
# #..............# #.# #
#.#'#####'###### #.#
########.#.# #.# #.#


You could see a frost giant and a sphinx.

Vanquished Creatures
  A two-headed ogre (D:9)
  Nergalle (D:10)
  Pikel (D:6)
  A meliai (D:10)
  A hornet (D:10)
  A troll (D:8)
  Grinder (D:6)
  A wyvern (D:9)
  A wraith (D:10)
  5 yaks (D:10)
  A water moccasin (D:8)
  4 ice beasts
  3 orc warriors
  2 sky beasts
  2 ogres (D:6)
  An eye of draining (D:8)
  2 centaurs
  A lemure (D:7)
  7 bullfrogs
  Blork the orc (D:6)
  A gnoll sergeant (D:10)
  A wyvern skeleton (D:10)
  8 killer bees (D:10)
  4 wights (D:10)
  2 howler monkeys (D:8)
  3 bullfrog zombies
  A quasit (D:5)
  A hound (D:4)
  A jelly (D:9)
  5 orc priests
  4 bullfrog skeletons
  A centaur skeleton (D:6)
  4 orc wizards
  3 worker ants
  A hound zombie (D:6)
  A hound skeleton (D:6)
  8 adders
  14 gnolls
  A howler monkey skeleton (D:9)
  3 shadow imps
  5 white imps
  An ufetubus (D:9)
  3 oozes (D:1)
  An adder zombie (D:5)
  2 worms
  4 dart slugs
  5 leopard geckos
  41 orcs
  4 bats
  4 giant cockroaches
  9 goblins
  3 hobgoblins
  10 jackals
  2 quokkas
  5 frilled lizards
  11 kobolds
  A leopard gecko zombie (D:4)
  A quokka skeleton (D:7)
  8 rats
225 creatures vanquished.

Vanquished Creatures (others)
  A wizard (D:6)
1 creature vanquished.

Grand Total: 226 creatures vanquished

Notes
Turn   | Place    | Note
-------+----------+-------------------------------------------
     0 | D:1      | gimp the Draconian Fighter began the quest for the Orb.
     0 | D:1      | Reached XP level 1. HP: 19/19 MP: 1/1
   193 | D:1      | Reached XP level 2. HP: 11/26 MP: 2/2
   801 | D:1      | Reached XP level 3. HP: 19/31 MP: 3/3
   975 | D:1      | Reached skill level 3 in Maces & Flails
  1470 | D:2      | Noticed Sigmund
  2088 | D:3      | Reached XP level 4. HP: 40/40 MP: 4/4
  2401 | D:3      | Found a runed translucent door.
  2406 | D:3      | Noticed sahdkjhfkaj's ghost (amateur PaAK)
  2492 | D:3      | Reached skill level 4 in Maces & Flails
  2867 | D:3      | Reached XP level 5. HP: 46/46 MP: 5/5
  3220 | D:3      | Found an ornate altar of the Wu Jian Council.
  3635 | D:4      | Found a staircase to the Ecumenical Temple.
  3642 | Temple   | Entered the Ecumenical Temple
  3722 | Temple   | Became a worshipper of Gozag Ym Sagoz the Greedy
  4574 | D:4      | Reached XP level 6. HP: 51/53 MP: 6/6
  4807 | D:5      | Entered Level 5 of the Dungeon
  4819 | D:5      | Reached skill level 5 in Maces & Flails
  4902 | D:5      | Noticed an ice beast
  5378 | D:6      | Reached skill level 5 in Fighting
  5577 | D:6      | Your scales start taking on a dull iron-grey colour.
  5577 | D:6      | Reached XP level 7. HP: 50/61 MP: 7/7
  5577 | D:6      | Gained mutation: You can survive without breathing. [Grey
                  | Draconian growth]
  5703 | D:6      | Reached skill level 6 in Maces & Flails
  5920 | D:6      | Found a bloodstained altar of Trog.
  5921 | D:6      | Noticed a wizard
  5926 | D:6      | Killed a wizard
  6086 | D:6      | Reached skill level 5 in Shields
  6112 | D:6      | Noticed Grinder
  6129 | D:6      | Paralysed by Grinder for 2 turns
  6154 | D:6      | Paralysed by Grinder for 2 turns
  6161 | D:6      | Paralysed by Grinder for 6 turns
  6183 | D:6      | Killed Grinder
  6184 | D:6      | Reached skill level 7 in Maces & Flails
  6370 | D:6      | Reached XP level 8. HP: 58/68 MP: 8/8
  6561 | D:5      | Found a runed translucent door.
  6562 | D:5      | Noticed Sekkong's ghost (novice MiBe)
  6687 | D:5      | Found a runed translucent door.
  6824 | D:5      | Reached skill level 8 in Maces & Flails
  7030 | D:5      | Found a glowing golden altar of the Shining One.
  7298 | D:6      | Noticed Blork the orc
  7304 | D:6      | Killed Blork the orc
  7535 | D:7      | Noticed Pikel
  7823 | D:7      | Reached skill level 9 in Maces & Flails
  8103 | D:6      | Killed Pikel
  8104 | D:6      | Reached XP level 9. HP: 60/74 MP: 9/9
  8417 | D:7      | Reached skill level 10 in Maces & Flails
  8765 | D:8      | Found a runed translucent door.
  8769 | D:8      | Noticed canine's ghost (novice DrCj)
  8770 | D:8      | Noticed a centaur warrior
  9355 | D:9      | Noticed a two-headed ogre
  9366 | D:9      | Killed a two-headed ogre
  9367 | D:9      | Reached skill level 11 in Maces & Flails
  9371 | D:9      | Noticed an ice statue
  9446 | D:9      | Noticed a troll
  9476 | D:8      | Killed a troll
  9727 | D:9      | Reached XP level 10. HP: 54/81 MP: 10/10
  9733 | D:9      | Noticed Erolcha
  9885 | D:9      | Found Ihilied's Weapon Shoppe.
 10166 | D:10     | Entered Level 10 of the Dungeon
 10187 | D:10     | Noticed Nergalle
 10192 | D:10     | Noticed a spectral orc warlord
 10198 | D:10     | Killed Nergalle
 10199 | D:10     | Reached skill level 12 in Maces & Flails
 10209 | D:10     | Noticed a sphinx
 10209 | D:10     | Noticed a frost giant
 10253 | D:10     | Paralysed by a hornet for 3 turns
 11294 | D:10     | Reached skill level 13 in Maces & Flails
 11820 | D:10     | Learned a level 1 spell: Apportation
 12050 | D:10     | HP: 4/81 [sphinx (2)]
 12053 | D:10     | Mangled by a sphinx

Illustrated notes

Levels and vault maps discovered:
D:1:      minmay_arrival_four_houses, layout_basic, minmay_misc_feat_plants,
          st_stairs_11, kennysheep_doodads
D:2:      layout_rooms, serial_glass, glass_columns_c, glass_columns_a,
          glass_columns_a, glass_columns_a, glass_columns_a, glass_columns_c,
          glass_columns_b, glass_columns_b, glass_columns_a, glass_columns_a,
          glass_columns_b, glass_columns_b, glass_columns_a, glass_columns_c,
          uniq_sigmund
D:3:      layout_basic, nzn_wu_jian_council_hall, ebering_ghost_reflecting_pool,
          amcnicky_mini_rare_corridor_liquid
D:4:      layout_gridville, minmay_temple_entry_grid
D:5:      layout_cave_pools, ebering_ghost_sewer_f, tso_metal_star
D:6:      layout_loops_ring, trog_wizard, uniq_blork_the_orc, uniq_grinder
D:7:      layout_rooms, uniq_pikel
D:8:      layout_basic, ebering_ghost_inner_flame
D:9:      layout_cross, lair_entry_dummy, erik_orc_3, serial_shops, shop,
          minivault_16, uniq_erolcha
D:10:     layout_basic, jmf_multi_god_temple, uniq_nergalle
Temple:   compressed_dpeg_triangle_lava_temple

Skill      XL: |  1  2  3  4  5  6  7  8  9 10 |
---------------+-------------------------------+-----
Maces & Flails | 3 4 5 7 9 11 13 | 13.1
Fighting       | 4 5 |  5.0
Shields        | 4 5 7 8 9 |  9.9
Dodging        | |  2.6

Action                   |  1- 3 |  4- 6 |  7- 9 | 10-12 || total
-------------------------+-------+-------+-------+-------++-------
Melee: Flail             |   120 |   300 |   398 |   288 ||  1106
       Tailslap          |    14 |    20 |    48 |    36 ||   118
Throw: Dart              |       |     2 |    13 |     4 ||    19
       Throwing net      |       |       |     4 |     1 ||     5
Invok: Potion Petition   |       |       |       |     3 ||     3
Evoke: Wand              |       |       |     5 |     6 ||    11
  Use: Scroll            |     2 |    10 |     4 |     3 ||    19
       Potion            |     1 |     3 |       |     1 ||     5
 Stab: Sleeping          |       |     2 |       |       ||     2
Armor: Skin              |    34 |   119 |   185 |    85 ||   423
Dodge: Dodged            |    59 |   114 |   156 |   111 ||   440
Block: Kite shield       |    73 |   193 |   186 |   157 ||   609

Table legend: (Time is in decaauts)
 A = Elapsed time spent in this place.
 B = Non-inter-level travel time spent in this place.
 C = Inter-level travel time spent in this place.
 D = Time resting spent in this place.
 E = Time spent auto-exploring this place.
 F = Levels seen in this place.
 G = Mean time per level.
                   A        B        C        D        E       F      G
               +--------+--------+--------+--------+--------+-----+--------+
         Total |  12274 |  11850 |    424 |   1337 |   7690 |  11 | 1115.8 |
       Dungeon |  12178 |  11768 |    410 |   1337 |   7634 |  10 | 1217.8 |
        Temple |     95 |     81 |     14 |      0 |     56 |   1 |   95.0 |
               +--------+--------+--------+--------+--------+-----+--------+

Top non-repeatable levels by time:
     D:3: 1908 daAuts
     D:6: 1753 daAuts
    D:10: 1662 daAuts
     D:4: 1463 daAuts
     D:8: 1417 daAuts
     D:1: 1193 daAuts
     D:5: 1054 daAuts
     D:7: 869 daAuts
     D:2: 530 daAuts
     D:9: 325 daAuts
  Temple: 95 daAuts
